 Dungeon Crawl Stone Soup version 0.30-a0-1043-g60ff8d5f49 (webtiles) character file.

Game seed: 2736332785086780415

812 jimonade the Magician (level 7, -2/51 HPs)
             Began as a Gnoll Hedge Wizard on Apr 10, 2023.
             Slain by an ogre
             ... wielding a +0 giant club
              (30 damage)
             ... on level 5 of the Dungeon.
             The game lasted 00:14:48 (4376 turns).

jimonade the Magician (Gnoll Hedge Wizard)          Turns: 4376, Time: 00:14:49

Health: -2/51      AC: 14    Str: 11    XL:     7   Next: 93%
Magic:  6/6        EV: 13    Int: 19    God:
Gold:   179        SH:  0    Dex: 12    Spells: 11/21 levels left

rFire   + . .      SeeInvis .    a - +9 spear "Lerr" {antimagic, *Noise +Blink Int+6}
rCold   . . .      Faith    .    (no shield)
rNeg    . . .      Spirit   .    R - +0 steam dragon scales
rPois   .          Reflect  .    c - +0 hat
rElec   .          Rampage  .    T - +0 cloak
rCorr   .                        t - +1 pair of gloves
Will    .....                    K - +0 pair of boots
Stlth   +++                      l - amulet of the acrobat
HPRegen 0.28/turn                C - +4 ring of protection
MPRegen 0.10/turn                B - ring of protection from fire

@: no status effects
A: fangs 1, strong nose, distributed training
a: Evoke Blink


You were on level 5 of the Dungeon.
You visited 2 branches of the dungeon, and saw 6 of its levels.

You collected 179 gold pieces.

Inventory:

Hand Weapons
 a - the +9 spear "Lerr" (weapon) {antimagic, *Noise +Blink Int+6}
   (You found it on level 3 of the Dungeon)

   Int:       It affects your intelligence (+6).
   +Blink:    It lets you blink.
   *Noise:    It may make noises in combat.
 m - a +0 flail
 p - a +0 mace
 L - a +0 dagger
 S - a +1 dagger of venom
Missiles
 u - a javelin (quivered)
 E - 26 stones
Armour
 b - a +0 robe
 c - a +0 hat (worn)
 f - a +0 scale mail
 g - a +0 ring mail
 t - a +1 pair of gloves (worn)
 z - the +1 robe "Baxt" {rC+}
   (You found it on level 2 of the Dungeon)

   rC:        It protects you from cold.
 A - a +0 leather armour
 K - a +0 pair of boots (worn)
 R - +0 steam dragon scales (worn)
 T - a +0 cloak (worn)
Jewellery
 l - an amulet of the acrobat (around neck)
 q - a ring of see invisible
 r - a ring of wizardry
 B - a ring of protection from fire (right hand)
 C - a +4 ring of protection (left hand)
 H - a ring of ice
Wands
 O - a wand of digging (6)
 P - a wand of roots (7)
Scrolls
 h - a scroll of teleportation {unknown}
 j - 2 scrolls of noise {unknown}
 n - a scroll of vulnerability {unknown}
 o - a scroll of poison {unknown}
 w - a scroll of enchant weapon {unknown}
 x - 2 scrolls of fog {unknown}
 y - a scroll of blinking {unknown}
 D - a scroll of immolation {unknown}
 F - a scroll of identify {unknown}
 I - a scroll of silence {unknown}
Potions
 d - a potion of magic
 e - a potion of brilliance {unknown}
 i - a potion of lignification {unknown}
 k - 3 potions of heal wounds {unknown}
 s - a potion of mutation {unknown}
 G - a potion of ambrosia {unknown}
 J - 2 potions of might {unknown}
 M - a potion of cancellation {unknown}
 N - a potion of berserk rage {unknown}
 Q - a potion of degeneration {unknown}


   Skills:
 + Level 2.9 Fighting
 + Level 2.9 Short Blades
 + Level 2.9 Long Blades
 + Level 2.9 Axes
 + Level 2.9 Maces & Flails
 + Level 2.9 Polearms
 + Level 2.9 Staves
 + Level 2.9 Ranged Weapons
 + Level 2.9 Throwing
 + Level 2.9 Armour
 + Level 5.4 Dodging
 + Level 5.1 Stealth
 + Level 2.9 Shields
 + Level 2.9 Unarmed Combat
 + Level 7.8 Spellcasting
 + Level 3.2 Conjurations
 + Level 2.3 Hexes
 + Level 3.2 Summonings
 + Level 2.3 Necromancy
 + Level 3.2 Translocations
 + Level 2.3 Transmutations
 + Level 2.3 Fire Magic
 + Level 2.3 Ice Magic
 + Level 2.3 Air Magic
 + Level 2.3 Earth Magic
 + Level 2.3 Poison Magic
 + Level 3.2 Invocations
 + Level 2.9 Evocations


You had 11 spell levels left.
You knew the following spells:

 Your Spells              Type           Power      Damage    Failure   Level
a - Magic Dart            Conj           76%        1d6       2%          1
b - Blink                 Tloc           38%        N/A       3%          2
c - Call Imp              Summ           38%        N/A       3%          2
d - Cigotuvi's Dreadful   Necr/Pois/Air  32%        N/A       5%          2
e - Mephitic Cloud        Conj/Pois/Air  17%        N/A       10%         3

Your spell library contained the following spells:

 Spells                   Type           Power      Damage    Failure   Level
 Slow                     Hex            64%        N/A       3%          1
 Ensorcelled Hibernation  Hex/Ice        32%        N/A       5%          2
 Confusing Touch          Hex            16%        N/A       11%         3
 Spider Form              Tmut/Pois      16%        N/A       11%         3
 Vampiric Draining        Necr           16%        2d7       11%         3
 Anguish                  Hex/Necr       8%         N/A       34%         4
 Simulacrum               Ice/Necr       8%         N/A       99%         6
 Ozocubu's Refrigeration  Ice            8%         4d9       100%        7
 Polar Vortex             Ice            8%         N/A       100%        9


Dungeon Overview and Level Annotations

Branches:
Dungeon (5/15)             Temple (1/1) D:5

Altars:
Ashenzari
Dithmenos
Fedhas
Gozag
Hepliaklqana
Kikubaaqudgha
Makhleb
Nemelex Xobeh
Okawaru
Qazlal
Ru
Sif Muna
Trog
Uskayaw
Vehumet
Wu Jian
Xom
The Shining One

Annotations:
D:4 Menkaure


Innate Abilities, Weirdness & Mutations

You have very sharp teeth.
Your uncanny sense of smell can sniff out nearby items.
Your experience applies equally to all skills.


Message History

You see here a howler monkey corpse.
You see here an adder corpse.
You see here a +0 ring mail.
There is a stone staircase leading down here.
There is an escape hatch in the ceiling here.
A mysterious force pulls you upwards. The hatch slams shut behind you.
Level annotation: Menkaure You start resting.
HP restored.
There is a stone staircase leading down here.
You climb downwards.
Found a stone staircase leading down.
There is a stone staircase leading up here.
You reach to attack!
The helpless white imp fails to defend itself.
You puncture the white imp!
The white imp's magic leaks into the air.
The white imp is almost dead.
You puncture the white imp!
You kill the white imp!
No target in view!
There is a stone staircase leading up here.
There is a stone staircase leading down here.
An ogre comes into view. It is wielding a +0 giant club.
The ogre shouts!
You reach to attack!
You puncture the ogre!
The ogre is moderately wounded.
You hit the ogre but do no damage.
The ogre is moderately wounded.
The ogre hits you with a +0 giant club!!
You hit the ogre.
The ogre is heavily wounded.
You puncture the ogre! Your bite misses the ogre.
The ogre is almost dead.
The ogre hits you but does no damage.
You barely miss the ogre. Your bite misses the ogre.
The ogre is almost dead.
The ogre hits you with a +0 giant club!!
Ouch! That really hurt!
You die...

#### ∆ #.# #.#
#.# #.# #.# #.#
# #.#
#.###########.#
#..@..........#
#.O##########.#
#.. ### #.. #..
#.. ∆ ... ##.


You could see an ogre.

Vanquished Creatures
  Eustachio (D:4)
  A steam dragon (D:5)
  Duvessa (D:5)
  2 scorpions
  2 howler monkeys
  A jelly (D:4)
  A hound (D:4)
  An iguana (D:5)
  An orc wizard (D:4)
  6 adders
  A white imp (D:5)
  A worm (D:3)
  4 dart slugs
  4 orcs (D:4)
  10 ball pythons
  2 endoplasms
  3 giant cockroaches
  A goblin (D:4)
  6 hobgoblins
  A kobold (D:1)
  5 quokkas
  6 bats
  4 frilled lizards
  5 rats
70 creatures vanquished.

Vanquished Creatures (others)
  An orc (D:5)
  2 fungi (D:1)
  2 plants (D:1)
5 creatures vanquished.

Grand Total: 75 creatures vanquished

Notes
Turn   | Place    | Note
-------+----------+-------------------------------------------
     0 | D:1      | jimonade the Gnoll Hedge Wizard began the quest for the
                  | Orb.
     0 | D:1      | Reached XP level 1. HP: 13/13 MP: 8/8
   187 | D:1      | Reached XP level 2. HP: 17/19 MP: 2/10
   686 | D:1      | Found a faded altar of an unknown god.
   928 | D:2      | Reached XP level 3. HP: 25/25 MP: 9/11
   955 | D:2      | Reached skill level 1 in Invocations
  1387 | D:2      | Learned a level 2 spell: Blink
  1390 | D:2      | Learned a level 2 spell: Call Imp
  1393 | D:2      | Learned a level 2 spell: Cigotuvi's Dreadful Rot
  1397 | D:2      | Learned a level 3 spell: Mephitic Cloud
  1555 | D:2      | Identified the +1 robe "Baxt" {rC+}
  1716 | D:2      | Reached skill level 1 in Fighting
  1716 | D:2      | Reached skill level 1 in Short Blades
  1716 | D:2      | Reached skill level 1 in Long Blades
  1716 | D:2      | Reached skill level 1 in Axes
  1716 | D:2      | Reached skill level 1 in Maces & Flails
  1716 | D:2      | Reached skill level 1 in Polearms
  1716 | D:2      | Reached skill level 1 in Staves
  1716 | D:2      | Reached skill level 1 in Ranged Weapons
  1716 | D:2      | Reached skill level 1 in Throwing
  1716 | D:2      | Reached skill level 1 in Armour
  1716 | D:2      | Reached skill level 1 in Shields
  1716 | D:2      | Reached skill level 1 in Unarmed Combat
  1716 | D:2      | Reached skill level 1 in Evocations
  1852 | D:2      | Reached XP level 4. HP: 22/24 MP: 5/13
  2630 | D:3      | Reached skill level 1 in Hexes
  2630 | D:3      | Reached skill level 1 in Necromancy
  2630 | D:3      | Reached skill level 1 in Transmutations
  2630 | D:3      | Reached skill level 1 in Fire Magic
  2630 | D:3      | Reached skill level 1 in Ice Magic
  2630 | D:3      | Reached skill level 1 in Air Magic
  2630 | D:3      | Reached skill level 1 in Earth Magic
  2630 | D:3      | Reached skill level 1 in Poison Magic
  2750 | D:3      | Identified the +9 spear "Lerr" {antimagic, *Noise +Blink
                  | Int+6}
  2941 | D:4      | Found a shimmering altar of Xom.
  2941 | D:4      | Noticed Eustachio
  2979 | D:4      | Killed Eustachio
  2980 | D:4      | Reached XP level 5. HP: 27/38 MP: 3/14
  2980 | D:4      | Reached XP level 6. HP: 32/44 MP: 3/16
  3075 | D:4      | Found a bloodstained altar of Trog.
  3149 | D:4      | Reached skill level 5 in Dodging
  3336 | D:4      | Reached XP level 7. HP: 50/50 MP: 6/18
  3629 | D:4      | Noticed Menkaure
  3666 | D:5      | Entered Level 5 of the Dungeon
  3672 | D:5      | Noticed a steam dragon
  3690 | D:5      | Killed a steam dragon
  3743 | D:5      | Found a staircase to the Ecumenical Temple.
  3752 | Temple   | Entered the Ecumenical Temple
  4132 | D:5      | Reached skill level 5 in Stealth
  4176 | D:5      | Noticed Duvessa
  4197 | D:5      | Killed Duvessa
  4376 | D:5      | Slain by an ogre

Illustrated notes

Levels and vault maps discovered:
D:1:      amcnicky_arrival_abandoned_market, layout_rooms,
          shapermc_ecumenical_altar_mp_urbaneastern
D:2:      layout_loops_corners, chequers_serial_rivers_large_b
D:3:      layout_basic
D:4:      layout_basic, mainiacjoe_overflow_catch_the_wave, uniq_menkaure,
          uniq_eustachio
D:5:      minmay_opposing_rooms, layout_basic, minmay_temple_entry_mist,
          kennysheep_cluttered_room, uniq_pikel, uniq_duvessa
Temple:   eino_temple_rhombus

Skill      XL: |  1  2  3  4  5  6  7 |
---------------+----------------------+-----
Conjurations   | 2 3 |  3.2
Summonings     | 2 3 |  3.2
Translocations | 2 3 |  3.2
Invocations    | 1 2 3 |  3.2
Fighting       | 1 2 |  2.9
Short Blades   | 1 2 |  2.9
Long Blades    | 1 2 |  2.9
Axes           | 1 2 |  2.9
Maces & Flails | 1 2 |  2.9
Polearms       | 1 2 |  2.9
Staves         | 1 2 |  2.9
Ranged Weapons | 1 2 |  2.9
Throwing       | 1 2 |  2.9
Armour         | 1 2 |  2.9
Shields        | 1 2 |  2.9
Unarmed Combat | 1 2 |  2.9
Evocations     | 1 2 |  2.9
Hexes          | 1 2 |  2.3
Necromancy     | 1 2 |  2.3
Transmutations | 1 2 |  2.3
Fire Magic     | 1 2 |  2.3
Ice Magic      | 1 2 |  2.3
Air Magic      | 1 2 |  2.3
Earth Magic    | 1 2 |  2.3
Poison Magic   | 1 2 |  2.3
Dodging        | 5 |  5.4
Stealth        | 5 |  5.1
Spellcasting   | |  7.8

Action                     |  1- 3 |  4- 6 |  7- 9 || total
---------------------------+-------+-------+-------++-------
  Melee: Dagger            |    17 |     2 |       ||    19
         Bite              |     2 |     4 |     4 ||    10
         Punch             |     1 |       |       ||     1
         Spear             |       |    71 |    61 ||   132
  Throw: Dart              |       |       |     3 ||     3
         Javelin           |       |       |     1 ||     1
   Cast: Magic Dart        |    72 |    24 |       ||    96
         Cigotuvi's Dreadf |     3 |     1 |       ||     4
         Call Imp          |       |     1 |       ||     1
   Stab: Sleeping          |     2 |     4 |     1 ||     7
 Armour: Robe              |     7 |     3 |       ||    10
         Ring mail         |       |    22 |     8 ||    30
         Steam dragon scal |       |       |    11 ||    11
  Dodge: Dodged            |    35 |    25 |    26 ||    86

Table legend: (Time is in decaauts)
 A = Elapsed time spent in this place.
 B = Non-inter-level travel time spent in this place.
 C = Inter-level travel time spent in this place.
 D = Time resting spent in this place.
 E = Time spent auto-exploring this place.
 F = Levels seen in this place.
 G = Mean time per level.
                   A        B        C        D        E       F      G
               +--------+--------+--------+--------+--------+-----+--------+
         Total |   4428 |   4225 |    203 |     83 |   3223 |   6 |  738.0 |
       Dungeon |   4215 |   4026 |    189 |     83 |   3093 |   5 |  843.0 |
        Temple |    212 |    198 |     14 |      0 |    130 |   1 |  212.0 |
               +--------+--------+--------+--------+--------+-----+--------+

Top non-repeatable levels by time:
     D:2: 1432 daAuts
     D:4: 853 daAuts
     D:1: 796 daAuts
     D:3: 753 daAuts
     D:5: 380 daAuts
  Temple: 212 daAuts
